 Dungeon Crawl Stone Soup version 0.30.0-10-gfe55d96785 (webtiles) character file.

Game seed: 1269758853639411104

212 freelancePsychic the Trooper (level 5, -1/46 HPs)
             Began as a Minotaur Warper on May 13, 2023.
             Killed by nerve-wracking pain
             ... invoked by an orc priest
              (3 damage)
             ... on level 4 of the Dungeon.
             The game lasted 00:04:45 (2922 turns).

freelancePsychic the Trooper (Minotaur Warper)      Turns: 2922, Time: 00:04:46

Health: -1/46      AC:  7    Str: 15    XL:     5   Next: 58%
Magic:  6/6        EV: 12    Int: 10    God:
Gold:   135        SH:  0    Dex: 12    Spells: 6/6 levels left

rFire   . . .        a - +0 mace
rCold   . . .        (no shield)
rNeg    . . .        h - +0 leather armour
rPois   .            (helmet restricted)
rElec   .            y - +2 cloak
rCorr   .            (no gloves)
SInv    .            w - +0 pair of boots
Will    .....        (no amulet)
Stlth   ++           (no ring)
HPRegen 0.27/turn    (no ring)
MPRegen 0.10/turn

%: no passive effects
@: invisible
A: horns 2, retaliatory headbutt
a: no special abilities


You were on level 4 of the Dungeon.
You visited 1 branch of the dungeon, and saw 5 of its levels.

You collected 135 gold pieces.

Inventory:

Hand Weapons
 a - a +0 mace (weapon)
 b - a +0 sling
Missiles
 d - 7 boomerangs of dispersal (quivered)
 j - 3 boomerangs
Armour
 h - a +0 leather armour (worn)
 w - a +0 pair of boots (worn)
 y - a +2 cloak (worn)
Wands
 q - a wand of mindburst (10)
Scrolls
 c - a scroll of blinking
 k - 3 scrolls of amnesia {unknown}
 l - a scroll of enchant weapon {unknown}
 n - a scroll of magic mapping {unknown}
 p - 2 scrolls of summoning {unknown}
 r - a scroll of poison {unknown}
 s - a scroll of brand weapon {unknown}
 t - 2 scrolls of identify {unknown}
 u - a scroll of teleportation {unknown}
Potions
 e - a potion of invisibility
 f - a potion of degeneration {unknown}
 g - 2 potions of mutation {unknown}
 i - a potion of lignification {unknown}
 m - a potion of haste {unknown}
 o - a potion of magic {unknown}
 v - a potion of resistance {unknown}
 x - a potion of flight {unknown}


   Skills:
 + Level 3.9 Fighting
 - Level 3.2 Maces & Flails
 * Level 2.9 Ranged Weapons
 - Level 1.0 Throwing
 - Level 1.2 Armour
 - Level 2.1 Dodging
 * Level 2.9 Stealth
 - Level 1.3 Spellcasting
 - Level 2.1 Translocations


You had 6 spell levels left.
You didn't know any spells.
Your spell library contained the following spells:

 Spells                   Type           Power      Damage    Failure   Level
 Apportation              Tloc           10%        N/A       17%         1
 Blink                    Tloc           10%        N/A       26%         2
 Lesser Beckoning         Tloc           10%        N/A       26%         2
 Sting                    Tmut/Pois      0%         1d3       38%         1
 Summon Small Mammal      Summ           0%         N/A       38%         1
 Teleport Other           Tloc           5%         N/A       45%         3
 Poisonous Vapours        Pois/Air       0%         N/A       52%         2
 Scorch                   Fire           0%         2d5       52%         2
 Vhi's Electric Charge    Tloc/Air       4%         N/A       61%         3
 Call Canine Familiar     Summ           0%         N/A       77%         3
 Hailstorm                Conj/Ice       0%         3d3       77%         3
 Ozocubu's Armour         Ice            0%         N/A       77%         3
 Summon Guardian Golem    Hex/Summ       0%         N/A       77%         3
 Manifold Assault         Tloc           5%         N/A       86%         4
 Flame Wave               Conj/Fire      0%         2d4       99%         4
 Ice Form                 Ice/Tmut       0%         N/A       99%         4
 Olgreb's Toxic Radiance  Pois           0%         N/A       99%         4
 Alistair's Intoxication  Tmut/Pois      0%         N/A       100%        5
 Simulacrum               Ice/Necr       0%         N/A       100%        6
 Summon Cactus Giant      Summ           0%         N/A       100%        6
 Ozocubu's Refrigeration  Ice            0%         4d7       100%        7


Dungeon Overview and Level Annotations

Branches:
Dungeon (5/15)
 Temple: D:4-7

Altars:
Vehumet

Shops:
D:4 :

Annotations:
D:3 exclusion: downstairs
D:4 Menkaure, Sigmund


Innate Abilities, Weirdness & Mutations

You have a pair of horns on your head.
You reflexively headbutt those who attack you in melee.


Message History

Aim: a shadow imp (lightly wounded, 52% to hit)
You shoot a sling bullet.
The sling bullet barely misses the shadow imp.
A black bear comes into view.
The orc hits you but does no damage.
You climb upwards.
Level annotation: Menkaure, Sigmund
There is a stone staircase leading down here.
a - a +0 mace (weapon)
The orc misses you.
You sock the orc priest!
The orc priest is heavily wounded.
The orc priest closely misses you. The orc misses you. You furiously retaliate!
You headbutt the orc.
The orc priest invokes the aid of Beogh against you.
Pain shoots through your body!
* * * LOW HITPOINT WARNING * * *
You closely miss the orc priest.
The orc priest is heavily wounded.
The orc hits you with a +0 war axe!
* * * LOW HITPOINT WARNING * * *
The orc priest hits you but does no damage.
It was a potion of invisibility.
You fade into invisibility!
The orc hits you with a +0 war axe.
* * * LOW HITPOINT WARNING * * *
The orc priest hits you but does no damage.
You strike the helpless orc priest from behind!
You hit the orc priest.
The orc priest is heavily wounded.
The orc closely misses you. You furiously retaliate!
You headbutt the orc, but do no damage. The orc closely misses you.
You closely miss the orc.
The orc is almost dead.
The orc closely misses you.
You barely miss the orc.
The orc is almost dead.
The orc priest mumbles some strange prayers to Beogh against you.
Pain shoots through your body!
You die...

#.#.#.# .....
#.#.#.# ..... .
#.#.#.# ....
#.....# #.#..#
###.### .#..#. #.#
############......
#.#
#.....o.......# #
#.#
#o#####<##)##.#.#
#.####@#
#.##.##.#.#
#.....o#
#.##......#
########
#.#####.###
#.#####.#
#.......#
#########


You could see an orc priest (unable to see you) and an orc (unable to see you).

Vanquished Creatures
  A howler monkey (D:4)
  Robin (D:2)
  7 adders
  A worm (D:2)
  A dart slug (D:3)
  3 orcs
  5 bats
  5 endoplasms
  3 giant cockroaches
  17 goblins
  12 hobgoblins
  10 jackals
  4 kobolds
  A quokka (D:1)
  7 ball pythons
  6 rats
84 creatures vanquished.

Notes
Turn   | Place    | Note
-------+----------+-------------------------------------------
     0 | D:1      | freelancePsychic the Minotaur Warper began the quest for
                  | the Orb.
     0 | D:1      | Reached XP level 1. HP: 18/18 MP: 1/1
    44 | D:1      | Reached XP level 2. HP: 25/25 MP: 3/3
   131 | D:1      | Reached skill level 1 in Stealth
   471 | D:1      | Reached XP level 3. HP: 24/30 MP: 4/4
   714 | D:2      | Reached skill level 1 in Ranged Weapons
   895 | D:2      | Noticed Robin
   987 | D:1      | Reached XP level 4. HP: 21/38 MP: 5/5
  1118 | D:2      | Killed Robin
  1511 | D:2      | You fall into a shaft and drop 2 floors!
  1514 | D:4      | Found Veux's Vocational Training.
  1580 | D:4      | Noticed Menkaure
  1586 | D:4      | Reached XP level 5. HP: 30/45 MP: 6/6
  2556 | D:3      | Found a radiant altar of Vehumet.
  2858 | D:4      | Noticed Sigmund
  2909 | D:5      | Entered Level 5 of the Dungeon
  2913 | D:5      | Noticed a black bear
  2919 | D:4      | HP: 1/46 [orc/+0 war axe (3)]
  2922 | D:4      | Killed from afar by an orc priest

Illustrated notes

Levels and vault maps discovered:
D:1:      dpeg_arrival_rhombus, layout_basic, minmay_misc_feat_enclosed,
          minivault_4
D:2:      layout_basic, minmay_misc_feat_more_columns, uniq_robin
D:3:      layout_loops_ring, vehumet_statue, eino_tiny_chamber
D:4:      layout_loops_cross, mainiacjoe_overflow_big_doors,
          hellmonk_ghost_happy_afterlife, minmay_tree_intersection,
          nicolae_shop_vocational, uniq_sigmund, uniq_menkaure
D:5:      layout_rooms, serial_shops, shop, cheibrodos_sewer_entry_bend

Skill      XL: |  1  2  3  4 |
---------------+-------------+-----
Maces & Flails | 3 |  3.2
Stealth        | 1 2 |  2.9
Fighting       | 3 |  3.9
Ranged Weapons | 1 2 |  2.9
Throwing       | |  1.0
Armour         | |  1.2
Dodging        | |  2.1
Spellcasting   | |  1.3
Translocations | |  2.1

Action                     |  1- 3 |  4- 6 || total
---------------------------+-------+-------++-------
  Melee: Mace              |    31 |    11 ||    42
         Headbutt          |     6 |     1 ||     7
   Fire: Sling             |    92 |   147 ||   239
    Use: Potion            |       |     1 ||     1
   Stab: Sleeping          |     1 |       ||     1
         Invisible         |       |     1 ||     1
 Armour: Leather armour    |    31 |    34 ||    65
  Dodge: Dodged            |    80 |    70 ||   150
